 Dungeon Crawl Stone Soup version 0.21.0-22-g11d5b52 (webtiles) character file.

59763 Mgcat the Severer (level 14, -2/127 HPs)
             Began as a Hill Orc Gladiator on Jan 18, 2018.
             Was a High Priest of Beogh.
             Slain by Snorg (16 damage)
             ... on level 14 of the Dungeon.
             The game lasted 01:08:03 (33279 turns).

Mgcat the Severer (Hill Orc Gladiator)             Turns: 33279, Time: 01:08:04

Health: -2/127     AC: 20    Str: 18    XL:     14   Next: 96%
Magic:  21/21      EV: 11    Int:  8    God:    Beogh [*****.]
Gold:   1246       SH:  0    Dex: 16    Spells: 12/13 levels left

rFire    . . .     SeeInvis +   J - +12 flail "Hellblazer" {crush, Fragile rElec rN++ SInv}
rCold    . . .     Gourm    +   (no shield)
rNeg     + + +     Faith    .   L - +1 scale mail {rPois}
rPois    +         Spirit   .   q - +2 helmet
rElec    +         Reflect  .   (no cloak)
rCorr    .         Harm     .   (no gloves)
MR       +....                  X - +2 pair of boots
Stlth    ..........             m - amulet of the gourmand
HPRegen  0.31/turn              t - +3 ring of protection
MPRegen  0.17/turn              R - ring of positive energy

@: very slightly contaminated
A: walk on water
a: Smiting, Recall Orcish Followers, Give Item to Named Follower, Renounce
Religion


You were on level 14 of the Dungeon.
You worshipped Beogh.
Beogh was extremely pleased with you.
You were completely stuffed.

You visited 3 branches of the dungeon, and saw 21 of its levels.
You also visited: Ossuary.

You collected 1246 gold pieces.

Inventory:

Hand Weapons
 a - a +0 war axe
 z - a cursed -2 war axe
 J - the +12 flail "Hellblazer" (weapon) {crush, Fragile rElec rN++ SInv}
   (You found it on level 1 of the Lair of Beasts)

   It inflicts extra damage upon your enemies.
   It insulates you from electricity.
   It greatly protects you from negative energy.
   It lets you see invisible.
   It will be destroyed if unequipped.
Missiles
 d - 5 throwing nets (quivered)
Armour
 e - a +2 pair of boots
 q - a +2 helmet (worn)
 A - a +3 leather armour of positive energy
 B - a +3 scale mail of cold resistance
 L - a +1 scale mail of poison resistance (worn)
 X - a +2 pair of boots (worn)
 Z - a +0 chain mail of cold resistance
Jewellery
 i - a +3 ring of evasion
 m - an amulet of the gourmand (around neck)
 p - an uncursed ring of fire
 t - a +3 ring of protection (left hand)
 O - an uncursed ring of flight
 R - a ring of positive energy (right hand)
Wands
 o - a wand of disintegration (11)
 s - a wand of iceblast (16)
 C - a wand of flame (79)
 I - a wand of digging (12)
 M - a wand of enslavement (13)
 Q - a wand of polymorph (14)
Scrolls
 c - 4 scrolls of amnesia
 g - 10 scrolls of remove curse
 k - 7 scrolls of identify
 l - 3 scrolls of fog
 r - 2 scrolls of teleportation
 v - 2 scrolls of fear {unknown}
 E - 3 scrolls of torment {unknown}
 F - 2 scrolls of silence {unknown}
 K - a scroll of random uselessness {unknown}
 P - a scroll of blinking
 S - 3 scrolls of enchant weapon {unknown}
 T - 2 scrolls of enchant armour
Potions
 b - 2 potions of magic
 j - 2 potions of curing
 n - 6 potions of flight
 u - 2 potions of might
 w - 3 potions of cancellation
 x - 4 potions of mutation
 D - a potion of heal wounds
 H - 2 potions of haste
 U - a potion of resistance {unknown}
 Y - a potion of ambrosia {unknown}
Books
 h - a book of Minor Magic

   Spells                             Type                      Level
   a - Magic Dart                     Conjuration                  1
   b - Blink                          Translocation                2
   c - Call Imp                       Summoning                    2
   d - Slow                           Hexes                        2
   e - Conjure Flame                  Conjuration/Fire             3
   f - Mephitic Cloud                 Conjuration/Poison/Air       3
 y - the Papyrus of Toxins and Air
   (You found it on level 7 of the Dungeon)

   Spells                             Type                      Level
   a - Sting                          Conjuration/Poison           1
   b - Mephitic Cloud                 Conjuration/Poison/Air       3
   c - Silence                        Hexes/Air                    5
   d - Tornado                        Air                          9
 G - a Grand Grimoire

   Spells                             Type                      Level
   a - Monstrous Menagerie            Summoning                    7
   b - Summon Greater Demon           Summoning                    7
   c - Malign Gateway                 Summoning/Translocation      7
   d - Summon Horrible Things         Summoning                    8
 N - a book of Fire

   Spells                             Type                      Level
   a - Ignite Poison                  Fire/Transmutation/Poison    3
   b - Fireball                       Conjuration/Fire             5
   c - Bolt of Fire                   Conjuration/Fire             6
   d - Ring of Flames                 Charms/Fire                  7
   e - Ignition                       Fire                         8
 V - a book of Debilitation

   Spells                             Type                      Level
   a - Corona                         Hexes                        1
   b - Slow                           Hexes                        2
   c - Inner Flame                    Hexes/Fire                   3
   d - Portal Projectile              Hexes/Translocation          3
   e - Cause Fear                     Hexes                        4
   f - Leda's Liquefaction            Hexes/Earth                  4
Comestibles
 f - 47 rations
 W - 3 chunks of flesh


   Skills:
 + Level 12.8 Fighting
 - Level 20.2(20.3) Axes
 + Level 2.3(12.0) Maces & Flails
 - Level 1.7 Throwing
 + Level 11.7 Armour
 - Level 2.4 Dodging
 - Level 5.0 Conjurations
 - Level 10.0 Invocations
 + Level 8.6 Evocations


You had 12 spell levels left.
You knew the following spells:

 Your Spells              Type           Power        Failure   Level  Hunger
a - Sting                 Conj/Pois      #...         36%         1    ##.....


Dungeon Overview and Level Annotations

Branches:
Dungeon (14/15)            Temple (1/1) D:4            Lair (6/6) D:10
 Shoals (0/4) Lair:4        Snake (0/4) Lair:2        Slime (0/5) Lair:5
    Orc (0/2) D:10         Vaults (0/5) D:13

Altars:
Ashenzari
Cheibriados
Dithmenos
Elyvilon
Fedhas
Gozag
Hepliaklqana
Kikubaaqudgha
Makhleb
Nemelex Xobeh
Okawaru
Qazlal
Ru
Sif Muna
Trog
Uskayaw
Vehumet
Wu Jian
Xom
Yredelemnul
Zin
The Shining One
Jiyva
Lugonu

Shops:
D:10 }

Portals:
Trove: D:12 (give +4 demon trident)

Annotations:
D:7 1 runed door
D:8 1 transporter
D:14 Snorg
Lair:1 exclusion: 2 oklob plants


Message History

* * * LOW HITPOINT WARNING * * *
Blink to where?
Press: ? - help, Dir - move target cursor You are very lightly contaminated with residual magic.
As you read the scroll of blinking, it crumbles to dust.
There's nothing to close nearby.
Evoke which item? (* to show all) (? for menu, Esc to quit)
Aiming: Disintegrate
Press: ? - help, Shift-Dir - straight line, f - Snorg
Aim: Snorg (almost dead, berserk, fast, unusually strong, chance to defeat MR: 62%) Snorg is blasted.
Evoke which item? (* to show all) (? for menu, Esc to quit)
Aiming: Disintegrate
Press: ? - help, Shift-Dir - straight line, f/p - Snorg
Aim: Snorg (almost dead, berserk, fast, unusually strong, chance to defeat MR: 62%) Snorg resists with significant effort.
Snorg rages.
Some of the chunks of flesh in your inventory have rotted away.
Snorg bites you!
You die...

....#.....>....##
.......... ..<
#..........##..####.....#.#
#..........+.........+.....
##.........###.#o#.#..#
####..}.### #.o......#
######...###.#.#.#..#
#.........#.........#
#...#.#.#....#.#.#..#
#.......@T.#........#
#...#.#.#..#####..###
+.........## #.##
#...#.#.#.# ##.#####
#.........# #......#
#...(.....# #.####.#
#...(.....# ##.# #.##
###)####### ##..# ##..#
#))((...# ##...###...##


You could see Snorg (berserk), the friendly Milork the orc knight and a friendly
orc priest.

Vanquished Creatures
  Rupert (D:13)
  Gastronok (Lair:2)
  3 hydras (Lair:5)
  Erolcha (D:13)
  2 vault guards (D:13)
  2 centaur warriors
  3 two-headed ogres
  A skeletal warrior (D:13)
  The ghost of Regeox the Cudgeler, a novice DsGl of Makhleb (D:8)
  An unseen horror (D:10)
  Pikel (D:8)
  A harpy (Lair:6)
  An ugly thing (D:12)
  5 manticores
  A cyclops (D:11)
  4 elephants
  A centaur zombie (D:14)
  5 black mambas
  Psyche (D:7)
  Joseph (D:7)
  11 spiny frogs
  9 rime drakes
  16 komodo dragons
  2 trolls
  Prince Ribbit (D:6)
  6 polar bears
  A hornet (Lair:5)
  A queen bee (Lair:3)
  2 slime creatures (D:12)
  11 blink frogs
  18 hippogriffs
  22 yaks
  A spriggan (Lair:2)
  12 wyverns
  Eustachio (D:6)
  A shadow (D:12)
  A hungry ghost (D:14)
  A wraith (D:14)
  A vampire (D:14)
  6 basilisks
  14 water moccasins
  A hell hound (Lair:6)
  Duvessa (D:7)
  5 porcupines
  A slave (D:8)
  4 sky beasts
  4 ice beasts
  8 orc warriors
  2 black bears
  6 centaurs
  7 ogres
  9 wolves
  15 crocodiles
  An elf zombie (Ossuary)
  3 big kobolds
  13 bullfrogs
  Dowan (D:7)
  6 scorpions
  28 killer bees
  3 wights (D:14)
  11 howler monkeys
  10 crimson imps
  2 quasits
  2 bullfrog zombies
  A jelly (D:11)
  3 orc priests (D:10)
  6 hounds
  4 iguanas
  3 centaur skeletons
  Ijyb (D:4)
  11 orc wizards
  4 worker ants
  2 big kobold zombies (Ossuary)
  A hound zombie (Ossuary)
  3 mummies (Ossuary)
  A howler monkey zombie (D:9)
  6 gnolls (D:8)
  16 adders
  A shadow imp (D:8)
  2 adder zombies (Ossuary)
  An ooze (D:4)
  3 worms
  6 leopard geckos
  43 orcs
  7 bats
  A giant cockroach (D:4)
  2 gnoll zombies (Ossuary)
  8 goblins
  2 hobgoblins
  9 jackals
  18 kobolds
  5 quokkas
  4 ball pythons
  6 frilled lizards
  8 goblin zombies (Ossuary)
  8 hobgoblin zombies (Ossuary)
  A jackal skeleton (D:5)
  3 jackal zombies (Ossuary)
  4 kobold zombies (Ossuary)
  A leopard gecko skeleton (D:7)
  An orc zombie (Ossuary)
  2 quokka zombies (Ossuary)
  7 rats
  2 rat zombies (Ossuary)
535 creatures vanquished.

Vanquished Creatures (collateral kills)
  2 vault guards (D:13)
  A merfolk avatar (Lair:6)
  2 two-headed ogres
  A centaur warrior (D:13)
  Erica (D:11)
  A harpy (Lair:6)
  A cyclops (D:12)
  2 ugly things
  A spiny frog (Lair:6)
  A centaur skeleton (D:12)
  A rime drake (Lair:6)
  A komodo dragon (D:14)
  A troll (D:13)
  A hornet (D:12)
  A slime creature (D:12)
  2 hippogriffs
  A wyvern (Lair:6)
  A basilisk (D:12)
  An ice beast (D:13)
  An ogre (D:13)
  A centaur (D:11)
  A scorpion (D:13)
  A worker ant (D:13)
  An orc (D:11)
  5 kobolds
33 creatures vanquished.

Vanquished Creatures (others)
  An orc knight (D:13)
  5 orc warriors
  2 orc priests
  4 orc wizards
  A gnoll (D:8)
  8 orcs
  12 fungi
  29 plants
62 creatures vanquished.

Grand Total: 630 creatures vanquished

Notes
Turn   | Place    | Note
-------+----------+-------------------------------------------
     0 | D:1      | Mgcat the Hill Orc Gladiator began the quest for the Orb.
     0 | D:1      | Reached XP level 1. HP: 18/18 MP: 1/1
   380 | D:1      | Reached XP level 2. HP: 19/25 MP: 2/2
   746 | D:1      | Reached skill level 5 in Axes
  1355 | D:2      | Reached XP level 3. HP: 18/30 MP: 3/3
  1513 | D:2      | Found a faded altar of an unknown god.
  1768 | D:2      | Reached skill level 6 in Axes
  2424 | D:3      | Reached XP level 4. HP: 22/37 MP: 4/4
  2968 | D:3      | Reached skill level 7 in Axes
  3526 | D:3      | Found a hazy altar of Hepliaklqana.
  3549 | D:3      | Found a shattered altar of Ashenzari.
  3576 | D:4      | Reached XP level 5. HP: 34/42 MP: 5/5
  3636 | D:4      | Reached skill level 8 in Axes
  3727 | D:4      | Noticed an ogre
  3732 | D:4      | Killed an ogre
  3732 | D:4      | Reached skill level 9 in Axes
  3732 | D:4      | Reached XP level 6. HP: 41/50 MP: 6/6
  3875 | D:4      | Found a staircase to the Ecumenical Temple.
  3922 | Temple   | Entered the Ecumenical Temple
  4247 | D:4      | Noticed Ijyb
  4260 | D:4      | Killed Ijyb
  4812 | D:5      | Entered Level 5 of the Dungeon
  4917 | D:5      | Reached skill level 10 in Axes
  4917 | D:5      | Reached XP level 7. HP: 15/56 MP: 7/7
  5543 | D:5      | Reached skill level 11 in Axes
  6051 | D:5      | Reached skill level 12 in Axes
  6051 | D:5      | Reached XP level 8. HP: 37/62 MP: 8/8
  6330 | D:6      | Found a sand-covered staircase.
  6333 | D:6      | Noticed Prince Ribbit
  6337 | Ossuary  | Entered an ossuary
  7114 | D:6      | Killed Prince Ribbit
  7114 | D:6      | Reached skill level 13 in Axes
  7448 | D:6      | Noticed Eustachio
  7488 | D:6      | Killed Eustachio
  7668 | D:6      | HP: 1/62 [orc warrior/short sword (7)]
  8005 | D:6      | Reached skill level 14 in Axes
  8362 | D:6      | Reached XP level 9. HP: 68/68 MP: 9/9
  8903 | D:7      | Reached skill level 15 in Axes
  8971 | D:7      | Identified the Papyrus of Toxins and Air
  9052 | D:7      | Noticed Joseph
  9081 | D:7      | Killed Joseph
  9319 | D:7      | Reached skill level 16 in Axes
  9783 | D:7      | Noticed Dowan
  9784 | D:7      | Noticed Duvessa
  9929 | D:7      | Killed Duvessa
  9937 | D:7      | Killed Dowan
 10091 | D:7      | Found a runed door.
 10347 | D:8      | Reached skill level 1 in Armour
 10405 | D:8      | Reached XP level 10. HP: 45/77 MP: 10/10
 11031 | D:8      | Noticed Regeox's ghost (novice DsGl)
 11060 | D:8      | Killed Regeox's ghost
 11060 | D:8      | Reached skill level 17 in Axes
 11240 | D:8      | Found a transporter.
 11284 | D:8      | Noticed a two-headed ogre
 11291 | D:8      | Noticed Psyche
 11348 | D:8      | HP: 2/80 [Psyche/dagger of chaos (5)]
 11380 | D:7      | Killed Psyche
 11380 | D:7      | Reached skill level 5 in Fighting
 11680 | D:8      | Killed a two-headed ogre
 12159 | D:8      | Found a hide-covered altar of Uskayaw.
 12194 | D:8      | Noticed Pikel
 12256 | D:8      | Killed Pikel
 12256 | D:8      | Reached skill level 5 in Armour
 12461 | D:8      | Found an opulent altar of Gozag.
 12516 | D:8      | Found a sparkling altar of Nemelex Xobeh.
 12606 | D:8      | Found a corrupted altar of Lugonu.
 13013 | D:9      | Became a worshipper of Beogh the Brigand
 13428 | D:9      | Found a deep blue altar of Sif Muna.
 13428 | D:9      | Found a snail-covered altar of Cheibriados.
 13428 | D:9      | Found an iron altar of Okawaru.
 13463 | D:9      | Reached XP level 11. HP: 20/91 MP: 11/11
 13902 | D:10     | Entered Level 10 of the Dungeon
 13902 | D:10     | Noticed a two-headed ogre
 13914 | D:10     | Killed a two-headed ogre
 14440 | D:10     | Reached * piety under Beogh
 14484 | D:10     | HP: 2/92 [orc wizard/dagger (4)]
 15052 | D:10     | Killed an unseen horror
 15052 | D:10     | Reached skill level 18 in Axes
 15332 | D:10     | Found Ycoduch's Gadget Shoppe.
 15368 | D:10     | Found a staircase to the Lair.
 15876 | D:10     | Found a staircase to the Orcish Mines.
 16160 | Lair:1   | Entered Level 1 of the Lair of Beasts
 17009 | Lair:1   | Reached skill level 1 in Invocations
 17521 | Lair:1   | Learned a level 1 spell: Sting
 17566 | Lair:1   | Got a bloodstained flail
 17567 | Lair:1   | Identified the +12 flail "Hellblazer" {crush, Fragile rElec rN++ SInv} (You found it on level 1 of the Lair of Beasts)
 17625 | Lair:1   | Noticed an oklob plant
 17942 | Lair:1   | Noticed an oklob plant
 18134 | Lair:2   | Reached skill level 1 in Evocations
 18295 | Lair:2   | Reached skill level 1 in Conjurations
 18401 | Lair:2   | Reached ** piety under Beogh
 18780 | Lair:2   | Noticed Gastronok
 18803 | Lair:2   | Killed Gastronok
 18803 | Lair:2   | Reached XP level 12. HP: 46/104 MP: 13/15
 19012 | Lair:2   | Found a staircase to the Snake Pit.
 20096 | Lair:3   | Reached skill level 5 in Invocations
 20816 | Lair:3   | Reached skill level 10 in Fighting
 21503 | Lair:3   | Reached *** piety under Beogh
 21892 | Lair:4   | Reached skill level 19 in Axes
 22065 | Lair:4   | Reached XP level 13. HP: 113/113 MP: 17/17
 22655 | Lair:4   | Found a staircase to the Shoals.
 23018 | Lair:5   | Reached skill level 5 in Conjurations
 23018 | Lair:5   | Reached skill level 5 in Evocations
 23300 | Lair:5   | Found a viscous altar of Jiyva.
 23301 | Lair:5   | Found a staircase to the Slime Pits.
 25300 | Lair:6   | Entered Level 6 of the Lair of Beasts
 25542 | Lair:6   | Reached **** piety under Beogh
 25995 | Lair:6   | Reached skill level 10 in Armour
 27688 | Lair:6   | Reached XP level 14. HP: 103/124 MP: 20/20
 28451 | Lair:6   | Reached ***** piety under Beogh
 30058 | D:11     | Noticed Erica
 30069 | D:11     | Killed Erica
 30069 | D:11     | Gained Bogward as an ally
 30389 | D:12     | Reached skill level 10 in Invocations
 30483 | D:12     | Reached skill level 20 in Axes
 31229 | D:12     | Found a portal to a secret trove of treasure.
 31349 | D:13     | Noticed Erolcha
 31359 | D:13     | Killed Erolcha
 31544 | D:13     | Found a gate to the Vaults.
 31991 | D:13     | Noticed Rupert
 32010 | D:13     | Your ally Bogward died
 32015 | D:13     | Killed Rupert
 32015 | D:13     | Reached skill level 1 in Maces & Flails
 32782 | D:14     | Gained Milork as an ally
 33260 | D:14     | Noticed Snorg
 33273 | D:14     | HP: 6/127 [Snorg (13)]
 33279 | D:14     | Slain by Snorg

Skill      XL: |  1  2  3  4  5  6  7  8  9 10 11 12 13 14 |
---------------+-------------------------------------------+-----
Axes           | 5 6 7 9 10 12 14 16 17 18 19 20 | 20.2
Armour         | 1 5 8 9 10 11 | 11.7
Fighting       | 3 6 9 10 11 12 | 12.8
Invocations    | 4 6 9 10 | 10.0
Evocations     | 2 4 6 8 |  8.6
Conjurations   | 2 4 5 |  5.0
Maces & Flails | 2 |  2.3
Throwing       | |  1.7
Dodging        | |  2.4

Action                   |  1- 3 |  4- 6 |  7- 9 | 10-12 | 13-15 || total
-------------------------+-------+-------+-------+-------+-------++-------
Melee: War axe           |   152 |   199 |   471 |   493 |       ||  1315
       Flail             |       |       |       |   309 |   717 ||  1026
Invok: Convert to Beogh  |       |       |       |     1 |       ||     1
       Smiting           |       |       |       |       |     6 ||     6
       Recall Orcish Fol |       |       |       |       |     2 ||     2
Evoke: Wand              |       |       |       |     3 |     2 ||     5
  Use: Scroll            |     8 |       |     8 |     8 |     2 ||    26
       Potion            |       |       |     2 |    10 |     3 ||    15
 Stab: Sleeping          |       |       |       |     1 |       ||     1
       Distracted        |       |       |       |       |     5 ||     5
  Eat: Chunk             |    11 |    15 |    17 |    34 |    40 ||   117
       Ration            |       |       |       |     1 |       ||     1
Armor: Chain mail        |   109 |   119 |   130 |       |       ||   358
       Leather armour    |       |       |    49 |   164 |       ||   213
       Scale mail        |       |       |       |   107 |   382 ||   489
Dodge: Dodged            |    69 |    75 |   138 |   488 |   539 ||  1309
